 Dungeon Crawl Stone Soup version 0.30.1-4-g462c640d31 (webtiles) character file.

Game seed: 12731989885023755305

26777 spardeous the Blocker (level 13, -4/104 HPs)
             Began as a Gnoll Fighter on Aug 24, 2023.
             Was an Initiate of Gozag.
             Killed by divine providence
             ... invoked by a meliai
              (8 damage)
             ... on level 13 of the Dungeon.
             The game lasted 00:22:36 (15035 turns).

spardeous the Blocker (Gnoll Fighter)              Turns: 15035, Time: 00:22:37

Health: -4/104     AC: 29    Str: 21    XL:     13   Next: 28%
Magic:  25/25      EV: 22    Int:  3    God:    Gozag
Gold:   2549       SH:  8    Dex: 27    Spells: 25/28 levels left

rFire   + . .        E - +5 war axe "Mugroich" {protect, rF+ Dex+4}
rCold   . . .        c - +0 buckler
rNeg    . . .        N - +6 scale mail of Wehun {rPois Regen+ Int-4}
rPois   +            p - +0 helmet
rElec   .            Q - +0 cloak {Stlth+}
rCorr   .            v - +1 pair of gloves of Trumpets {Dex+5}
SInv    .            d - +1 pair of boots
Will    .....        w - amulet of regeneration
Stlth   ++++         h - +5 ring of evasion
HPRegen 1.97/turn    L - +6 ring of dexterity
MPRegen 0.19/turn

%: clarity
@: lethally poisoned (-4 -> -10), under a protective aura
A: fangs 1, strong nose, distributed training, clarity
a: Renounce Religion, Potion Petition, Call Merchant, Bribe Branch


You were on level 13 of the Dungeon.
You worshipped Gozag.
Gozag was most pleased with you.
You visited 2 branches of the dungeon, and saw 14 of its levels.
You also visited: Bailey and Ice Cave.

You collected 2892 gold pieces.
You spent 297 gold pieces at shops.
You paid 46 gold pieces to Gozag.

Inventory:

Hand Weapons
 a - a +0 trident
 m - a +2 mace of venom
 r - a +6 dagger
 E - the +5 war axe "Mugroich" (weapon) {protect, rF+ Dex+4}
   (You found it on level 4 of the Dungeon)

   Dex:       It affects your dexterity (+4).
   rF:        It protects you from fire.
 K - the +5 Force Lance {heavy, knockback}
   (You found it on level 4 of the Dungeon)
Missiles
 F - a throwing net (quivered)
Armour
 c - a +0 buckler (worn)
 d - a +1 pair of boots (worn)
 p - a +0 helmet (worn)
 u - a +2 scale mail of willpower
 v - the +1 pair of gloves of Trumpets (worn) {Dex+5}
   (You found it on level 3 of the Dungeon)

   Dex:       It affects your dexterity (+5).
 N - the +6 scale mail of Wehun (worn) {rPois Regen+ Int-4}
   (You found it in a bailey)

   Int:       It affects your intelligence (-4).
   rPois:     It protects you from poison.
   Regen:     It increases your rate of health regeneration.
 Q - a +0 cloak of stealth (worn)
 X - the +2 ring mail "Doga" {Int+4 Slay+2}
   (You took it off an orc on level 9 of the Dungeon)

   Int:       It affects your intelligence (+4).
   Slay:      It affects your accuracy & damage with ranged weapons and melee
   (+2).
Jewellery
 h - a +5 ring of evasion (left hand)
 j - a +6 ring of intelligence
 w - an amulet of regeneration (around neck)
 C - a ring of protection from cold
 L - a +6 ring of dexterity (right hand)
 O - a ring of protection from fire
 P - a ring of fire
Wands
 o - a wand of light (10)
 y - a wand of charming (9)
 M - a wand of mindburst (15)
 W - a wand of iceblast (8)
 Y - a wand of polymorph (6)
Scrolls
 b - 2 scrolls of noise {unknown}
 e - 2 scrolls of fear
 f - 6 scrolls of magic mapping {unknown}
 g - 3 scrolls of vulnerability
 l - 5 scrolls of teleportation
 t - 4 scrolls of fog
 x - a scroll of silence
 B - 2 scrolls of amnesia
 J - 4 scrolls of enchant armour
 R - a scroll of immolation {unknown}
 T - 2 scrolls of poison
 U - 4 scrolls of torment {unknown}
 V - 4 scrolls of identify
Potions
 i - 4 potions of mutation
 k - 2 potions of curing
 n - 4 potions of attraction {unknown}
 q - 6 potions of heal wounds {unknown}
 s - 5 potions of brilliance {unknown}
 z - 4 potions of flight {unknown}
 A - a potion of magic {unknown}
 D - 2 potions of ambrosia {unknown}
 G - 2 potions of cancellation {unknown}
 I - 3 potions of invisibility {unknown}
 S - 3 potions of haste {unknown}
 Z - a potion of berserk rage {unknown}


   Skills:
 + Level 10.7 Fighting
 + Level 8.4 Short Blades
 + Level 8.4 Long Blades
 + Level 8.4 Axes
 + Level 8.4 Maces & Flails
 + Level 9.7 Polearms
 + Level 8.4 Staves
 + Level 8.4 Ranged Weapons
 + Level 8.4 Throwing
 + Level 10.7 Armour
 + Level 8.4 Dodging
 + Level 8.4 Stealth
 + Level 10.7 Shields
 + Level 8.4 Unarmed Combat
 + Level 8.4 Spellcasting
 + Level 7.0 Conjurations
 + Level 7.0 Hexes
 + Level 7.0 Summonings
 + Level 7.0 Necromancy
 + Level 7.0 Translocations
 + Level 7.0 Transmutations
 + Level 7.0 Fire Magic
 + Level 7.0 Ice Magic
 + Level 7.0 Air Magic
 + Level 7.0 Earth Magic
 + Level 7.0 Poison Magic
 + Level 9.2 Invocations
 + Level 8.4 Evocations


You had 25 spell levels left.
You knew the following spells:

 Your Spells              Type           Power      Damage    Failure   Level
a - Swiftness             Air            5%         N/A       11%         3

Your spell library contained the following spells:

 Spells                   Type           Power      Damage    Failure   Level
 Shock                    Conj/Air       20%        1d4       3%          1
 Sting                    Tmut/Pois      20%        1d4       3%          1
 Ensorcelled Hibernation  Hex/Ice        10%        N/A       5%          2
 Passwall                 Tmut/Erth      4%         N/A       5%          2
 Poisonous Vapours        Pois/Air       10%        N/A       5%          2
 Scorch                   Fire           10%        2d5       5%          2
 Ozocubu's Armour         Ice            5%         N/A       11%         3
 Portal Projectile        Hex/Tloc       10%        N/A       11%         3
 Summon Guardian Golem    Hex/Summ       5%         N/A       11%         3
 Tukima's Dance           Hex            5%         N/A       11%         3
 Airstrike                Air            2%         2d(1-17)  36%         4
 Flame Wave               Conj/Fire      5%         2d5       36%         4
 Olgreb's Toxic Radiance  Pois           5%         N/A       36%         4
 Passage of Golubria      Tloc           5%         N/A       36%         4
 Blade Hands              Tmut           2%         N/A       71%         5
 Silence                  Hex/Air        2%         N/A       71%         5
 Summon Cactus Giant      Summ           2%         N/A       99%         6
 Orb of Destruction       Conj           2%         9d5       100%        7
 Ozocubu's Refrigeration  Ice            2%         4d8       100%        7
 Spellforged Servitor     Conj/Summ      2%         N/A       100%        7
 Lehudib's Crystal Spear  Conj/Erth      2%         10d2      100%        8


Dungeon Overview and Level Annotations

Branches:
Dungeon (13/15)            Temple (1/1) D:4            Lair (0/5) D:9
    Orc (0/2) D:12         Bailey (visited)           IceCv (visited)
 Vaults: D:13-14

Altars:
Ashenzari
Cheibriados
Dithmenos
Elyvilon
Fedhas
Gozag
Hepliaklqana
Kikubaaqudgha
Makhleb
Nemelex Xobeh
Okawaru
Qazlal
Ru
Sif Muna
Trog
Uskayaw
Vehumet
Wu Jian
Xom
Yredelemnul
Zin
The Shining One

Shops:
D:3 :   D:5 :   D:6 *!*?*

Annotations:
D:7 3 runed translucent doors, sunglassesatnite's ghost, novice MiBe
D:9 2 runed translucent doors, exclusion: statue
D:13 Sonja


Innate Abilities, Weirdness & Mutations

You have very sharp teeth.
Your uncanny sense of smell can sniff out nearby items.
Your experience applies equally to all skills.
You possess an exceptional clarity of mind.


Message History

The meliai stings you but does no damage.
You take 11 damage, and have 36/104 hp.
You hit the meliai.
Your weapon exudes an aura of protection.
Your bite misses the meliai.
The meliai is moderately wounded.
You block the meliai's attack.
The meliai stings you but does no damage.
The meliai completely misses you.
The meliai stings you but does no damage.
The meliai misses you. x2
You regained 2 hp, and now have 38/104 hp.
You hit the meliai.
The meliai is moderately wounded.
The meliai calls down the wrath of its god upon you.
Something smites you!
* * * LOW HITPOINT WARNING * * *
The meliai hits you but does no damage.
The meliai stings you but does no damage.
You take 14 damage, and have 24/104 hp.
You slash the meliai! Your bite misses the meliai.
The meliai is almost dead.
The meliai invokes the aid of its god against you.
Something smites you!
* * * LOW HITPOINT WARNING * * *
The meliai invokes the aid of its god against you.
Something smites you!
* * * LOW HITPOINT WARNING * * *
The meliai completely misses you. You block the meliai's attack.
You take 22 damage, and have 2/104 hp.
MASSIVE DAMAGE!!
You feel better. The meliai hits you with a +0 hand axe.
* * * LOW HITPOINT WARNING * * *
The meliai stings you.
* * * LOW HITPOINT WARNING * * *
You are lethally poisoned!
The meliai poisons you!
The meliai invokes the aid of its god against you.
Something smites you!
You die...
Your body crumbles into a pile of gold.

...
..................
###
#.............###
#.............#
#..####'####..#
#..#.......#..# #.
#.......#..#
#.......#..#
.######y##..#
.......yy@..#
..#########.# #.+
#.# ∆ #.# #.. #..
..


You could see 3 meliai.

Vanquished Creatures
  An ice dragon (D:12)
  A boulder beetle (D:10)
  A two-headed ogre (D:12)
  Amaemon (D:11)
  A bog body (IceCv)
  A necromancer (IceCv)
  A deep elf pyromancer (Bailey)
  An orc knight (Bailey)
  A manticore (D:11)
  3 cyclopes
  2 ice statues (IceCv)
  Joseph (D:8)
  An orange demon (D:11)
  2 gargoyles
  An unseen horror (D:10)
  A komodo dragon (D:10)
  3 anaconda simulacra (IceCv)
  4 ice devils (IceCv)
  A freezing wraith (IceCv)
  8 trolls
  2 hornets
  A polar bear (D:12)
  Grinder (D:4)
  Prince Ribbit (D:5)
  6 slime creatures
  Sigmund (D:3)
  3 wyverns
  5 wraiths
  2 vampires
  A dire elephant simulacrum (IceCv)
  19 yaks
  2 basilisks
  A death yak simulacrum (IceCv)
  Edmund (D:6)
  10 vampire mosquitoes
  Menkaure (D:6)
  4 harpy simulacra (IceCv)
  2 hydra simulacra (IceCv)
  2 acid dragons
  5 water moccasins (D:9)
  Duvessa (D:7)
  4 ice beasts
  4 black bears
  9 orc warriors
  An ogre (D:7)
  A wolf (D:12)
  4 centaurs
  A kobold brigand (D:9)
  A gnoll sergeant (D:6)
  4 bullfrogs
  5 scorpions
  20 wights
  Dowan (D:7)
  6 howler monkeys
  4 crimson imps (D:6)
  5 orc priests
  A sleepcap (D:7)
  4 hounds
  Jessica (D:3)
  Natasha (thrice) (D:2)
  Terence (D:2)
  3 iguanas
  4 orc wizards
  2 polar bear simulacra (IceCv)
  A troll simulacrum (IceCv)
  10 gnolls
  7 adders
  2 white imps
  2 ufetubi
  3 worms
  3 dart slugs
  27 orcs
  9 ball pythons
  6 endoplasms
  4 giant cockroaches
  8 goblins
  7 hobgoblins
  3 jackals (D:1)
  4 quokkas
  5 bats
  4 frilled lizards
  10 kobolds
  5 rats
316 creatures vanquished.

Vanquished Creatures (collateral kills)
  A rime drake (D:12)
  A yak (D:12)
  A wolf (D:12)
3 creatures vanquished.

Vanquished Creatures (others)
  A polar bear (D:12)
1 creature vanquished.

Grand Total: 320 creatures vanquished

Notes
Turn   | Place    | Note
-------+----------+-------------------------------------------
     0 | D:1      | spardeous the Gnoll Fighter began the quest for the Orb.
     0 | D:1      | Reached XP level 1. HP: 23/23 MP: 1/1
   271 | D:1      | Reached XP level 2. HP: 29/29 MP: 2/2
   689 | D:1      | Found a faded altar of an unknown god.
  1025 | D:2      | Reached XP level 3. HP: 35/35 MP: 3/3
  1081 | D:2      | Reached skill level 1 in Invocations
  1260 | D:2      | Reached skill level 1 in Short Blades
  1260 | D:2      | Reached skill level 1 in Long Blades
  1260 | D:2      | Reached skill level 1 in Axes
  1260 | D:2      | Reached skill level 1 in Maces & Flails
  1260 | D:2      | Reached skill level 1 in Staves
  1260 | D:2      | Reached skill level 1 in Ranged Weapons
  1260 | D:2      | Reached skill level 1 in Throwing
  1260 | D:2      | Reached skill level 1 in Dodging
  1260 | D:2      | Reached skill level 1 in Stealth
  1260 | D:2      | Reached skill level 1 in Unarmed Combat
  1260 | D:2      | Reached skill level 1 in Spellcasting
  1260 | D:2      | Reached skill level 1 in Evocations
  1288 | D:2      | Reached XP level 4. HP: 41/41 MP: 5/5
  1408 | D:2      | Reached skill level 1 in Conjurations
  1408 | D:2      | Reached skill level 1 in Hexes
  1408 | D:2      | Reached skill level 1 in Summonings
  1408 | D:2      | Reached skill level 1 in Necromancy
  1408 | D:2      | Reached skill level 1 in Translocations
  1408 | D:2      | Reached skill level 1 in Transmutations
  1408 | D:2      | Reached skill level 1 in Fire Magic
  1408 | D:2      | Reached skill level 1 in Ice Magic
  1408 | D:2      | Reached skill level 1 in Air Magic
  1408 | D:2      | Reached skill level 1 in Earth Magic
  1408 | D:2      | Reached skill level 1 in Poison Magic
  1438 | D:2      | Noticed Terence
  1449 | D:2      | Killed Terence
  1602 | D:2      | Noticed Natasha
  1617 | D:2      | Killed Natasha
  1618 | D:2      | Reached XP level 5. HP: 44/47 MP: 5/7
  1729 | D:2      | Noticed Natasha
  1733 | D:2      | Killed Natasha
  1989 | D:2      | Noticed Natasha
  1995 | D:2      | Killed Natasha
  2425 | D:3      | Noticed Sigmund
  2434 | D:3      | Killed Sigmund
  2435 | D:3      | Reached skill level 5 in Polearms
  2435 | D:3      | Reached XP level 6. HP: 53/53 MP: 7/9
  2479 | D:3      | Noticed Jessica
  2481 | D:3      | Killed Jessica
  2667 | D:3      | Identified the +1 pair of gloves of Trumpets {Dex+5}
  2725 | D:3      | Found Ecwisugh's Book Shop.
  2837 | D:3      | Found a glowing silver altar of Zin.
  3071 | D:4      | Noticed Grinder
  3089 | D:4      | Killed Grinder
  3090 | D:4      | Reached XP level 7. HP: 58/60 MP: 10/10
  3102 | D:4      | Noticed a hornet
  3113 | D:4      | Killed a hornet
  3122 | D:4      | Reached XP level 8. HP: 46/67 MP: 12/12
  3535 | D:4      | Found the +5 Force Lance {heavy, knockback}
  3795 | D:4      | Found a staircase to the Ecumenical Temple.
  3805 | D:4      | Identified the +5 war axe "Mugroich" {protect, rF+ Dex+4}
  3811 | Temple   | Entered the Ecumenical Temple
  4006 | Temple   | Became a worshipper of Gozag Ym Sagoz the Greedy
  4375 | D:5      | Entered Level 5 of the Dungeon
  4375 | D:5      | Found Merek's Book Boutique.
  4474 | D:5      | Noticed Prince Ribbit
  4498 | D:5      | Killed Prince Ribbit
  5150 | D:5      | Reached XP level 9. HP: 73/73 MP: 14/14
  5293 | D:6      | Noticed an angel
  5293 | D:6      | Found Jeixtidi's Hallowed Reliquary.
  5311 | D:6      | Bought 2 potions of curing for 66 gold pieces
  5313 | D:6      | Found a transporter.
  5336 | D:6      | Found Hininn's Magic Scroll Boutique.
  5344 | D:6      | Bought a scroll of identify for 22 gold pieces
  5344 | D:6      | Bought a scroll of blinking for 82 gold pieces
  5344 | D:6      | Bought a scroll of teleportation for 33 gold pieces
  5414 | D:6      | Found Nymang's Distillery.
  5501 | D:6      | Found a transporter.
  5501 | D:6      | Found Izunt's Assorted Antiques.
  5708 | D:6      | Found Jukkawoedd's General Store.
  5712 | D:6      | Bought a scroll of identify for 30 gold pieces
  5749 | D:6      | Noticed Edmund
  5761 | D:6      | Killed Edmund
  5829 | D:6      | Found a shimmering altar of Xom.
  5870 | D:6      | Noticed Menkaure
  5874 | D:6      | Killed Menkaure
  5875 | D:6      | Reached skill level 5 in Invocations
  6527 | D:7      | Noticed Dowan
  6543 | D:7      | Noticed Duvessa
  6554 | D:7      | Killed Duvessa
  6558 | D:7      | Killed Dowan
  6643 | D:7      | Found a flagged portal.
  6725 | Bailey   | Entered a bailey
  6803 | Bailey   | Reached skill level 5 in Short Blades
  6803 | Bailey   | Reached skill level 5 in Long Blades
  6803 | Bailey   | Reached skill level 5 in Axes
  6803 | Bailey   | Reached skill level 5 in Maces & Flails
  6803 | Bailey   | Reached skill level 5 in Staves
  6803 | Bailey   | Reached skill level 5 in Ranged Weapons
  6803 | Bailey   | Reached skill level 5 in Throwing
  6803 | Bailey   | Reached skill level 5 in Dodging
  6803 | Bailey   | Reached skill level 5 in Stealth
  6803 | Bailey   | Reached skill level 5 in Unarmed Combat
  6803 | Bailey   | Reached skill level 5 in Spellcasting
  6803 | Bailey   | Reached skill level 5 in Evocations
  6803 | Bailey   | Reached XP level 10. HP: 78/81 MP: 17/17
  6829 | Bailey   | Found a large runed translucent door.
  6829 | Bailey   | Found a large runed translucent door.
  6829 | Bailey   | Noticed an orc knight
  6898 | Bailey   | Killed an orc knight
  6957 | Bailey   | Noticed a deep elf pyromancer
  7079 | Bailey   | Killed a deep elf pyromancer
  7086 | Bailey   | Identified the +6 scale mail of Wehun {rPois Regen+ Int-4}
  7227 | D:7      | Noticed a gargoyle
  7234 | D:7      | Killed a gargoyle
  7479 | D:7      | Found a runed translucent gate.
  7479 | D:7      | Found a runed translucent gate.
  7479 | D:7      | Found a runed translucent gate.
  7481 | D:7      | Identified the +4 chain mail of Yredelemnul's Approval {rC-
                  | rN+++ SInv Stlth-}
  7482 | D:7      | Noticed sunglassesatnite's ghost (novice MiBe)
  8332 | D:6      | Bought a grey potion for 30 gold pieces
  8332 | D:6      | Bought a scroll labelled MOIT YRYTITA for 34 gold pieces
  8568 | D:8      | Noticed Joseph
  8602 | D:8      | Killed Joseph
  9232 | D:8      | Reached skill level 5 in Conjurations
  9232 | D:8      | Reached skill level 5 in Hexes
  9232 | D:8      | Reached skill level 5 in Summonings
  9232 | D:8      | Reached skill level 5 in Necromancy
  9232 | D:8      | Reached skill level 5 in Translocations
  9232 | D:8      | Reached skill level 5 in Transmutations
  9232 | D:8      | Reached skill level 5 in Fire Magic
  9232 | D:8      | Reached skill level 5 in Ice Magic
  9232 | D:8      | Reached skill level 5 in Air Magic
  9232 | D:8      | Reached skill level 5 in Earth Magic
  9232 | D:8      | Reached skill level 5 in Poison Magic
  9232 | D:8      | Reached XP level 11. HP: 89/89 MP: 18/20
  9394 | D:8      | Found a hazy altar of Hepliaklqana.
  9546 | D:9      | Found a large runed translucent door.
  9546 | D:9      | Found a large runed translucent door.
  9644 | D:9      | Found a staircase to the Lair.
 10055 | D:9      | Found a glowing golden altar of the Shining One.
 10068 | D:9      | Noticed a naga warrior
 10112 | D:9      | Identified the +2 ring mail "Doga" {Int+4 Slay+2}
 10123 | D:9      | Found a radiant altar of Vehumet.
 10304 | D:9      | Noticed a centaur warrior
 10306 | D:9      | Noticed a two-headed ogre
 10445 | D:9      | Noticed a naga warrior
 10500 | D:9      | Learned a level 3 spell: Swiftness
 10545 | D:10     | Entered Level 10 of the Dungeon
 11226 | D:10     | Noticed a boulder beetle
 11273 | D:10     | Killed a boulder beetle
 11274 | D:10     | Reached XP level 12. HP: 97/97 MP: 22/22
 12556 | D:11     | Reached skill level 10 in Fighting
 12556 | D:11     | Reached skill level 10 in Armour
 12556 | D:11     | Reached skill level 10 in Shields
 12660 | D:11     | Noticed Amaemon
 12691 | D:11     | Killed Amaemon
 13454 | D:12     | Noticed a two-headed ogre
 13469 | D:12     | Killed a two-headed ogre
 13559 | D:12     | Found a staircase to the Orcish Mines.
 13739 | D:12     | Found a frozen archway.
 13742 | D:12     | Noticed an ice dragon
 13792 | D:12     | Killed an ice dragon
 13827 | IceCv    | Entered an ice cave
 14126 | IceCv    | Reached XP level 13. HP: 104/104 MP: 25/25
 14190 | IceCv    | Gained mutation: You possess an exceptional clarity of
                  | mind. [potion of mutation]
 14906 | D:13     | Noticed Sonja
 15034 | D:13     | HP: 2/104 [meliai/divine providence (16)]
 15035 | D:13     | Killed from afar by a meliai

Illustrated notes

Levels and vault maps discovered:
D:1:      ncdulo_wetmaze, layout_basic, ebering_ecumenical_altar_webs
D:2:      layout_basic, nicolae_half_adder, uniq_natasha, uniq_terence
D:3:      layout_basic, zin_statuary, serial_shops, shop, interstate_on_off,
          uniq_jessica, uniq_sigmund
D:4:      layout_loops_corners, minmay_temple_entry_hall,
          minmay_increasing_density, uniq_grinder
D:5:      layout_basic, serial_shops, shop, uniq_prince_ribbit1
D:6:      layout_rooms, led_xom_imps, serial_shops,
          nicolae_shop_back_alley_shop, shop_statue, shop,
          nicolae_shop_drivethru, nicolae_eternal_life, nicolae_good_shop,
          uniq_edmund, uniq_menkaure
D:7:      layout_cave_pods, biasface_ghost_orc_armoury, enter_bailey_7,
          uniq_duvessa
D:8:      layout_loops_ring, nicolae_hepliaklqana_hippocampus,
          kennysheep_minor_cross, uniq_joseph
D:9:      okawaru_arena_lexackson, layout_basic, vehumet_statue,
          mainiacjoe_overflow_boulevard, minmay_lair_entry_grove
D:10:     layout_irregular_city
D:11:     layout_loops_cross, uniq_amaemon
D:12:     layout_roguey, orc_0_dummy, portal_ice_cave_entry_animals_and_master
D:13:     layout_irregular_city, kennysheep_generic_room_5, uniq_sonja
Temple:   bh_familiar_temple

Skill      XL: |  1  2  3  4  5  6  7  8  9 10 11 12 13 |
---------------+----------------------------------------+-----
Invocations    | 1 2 3 4 5 6 7 8 9 |  9.2
Short Blades   | 1 2 3 5 6 7 8 |  8.4
Long Blades    | 1 2 3 5 6 7 8 |  8.4
Axes           | 1 2 3 5 6 7 8 |  8.4
Maces & Flails | 1 2 3 5 6 7 8 |  8.4
Staves         | 1 2 3 5 6 7 8 |  8.4
Ranged Weapons | 1 2 3 5 6 7 8 |  8.4
Throwing       | 1 2 3 5 6 7 8 |  8.4
Dodging        | 1 2 3 5 6 7 8 |  8.4
Stealth        | 1 2 3 5 6 7 8 |  8.4
Unarmed Combat | 1 2 3 5 6 7 8 |  8.4
Spellcasting   | 1 2 3 5 6 7 8 |  8.4
Evocations     | 1 2 3 5 6 7 8 |  8.4
Conjurations   | 1 2 3 4 5 6 7 |  7.0
Hexes          | 1 2 3 4 5 6 7 |  7.0
Summonings     | 1 2 3 4 5 6 7 |  7.0
Necromancy     | 1 2 3 4 5 6 7 |  7.0
Translocations | 1 2 3 4 5 6 7 |  7.0
Transmutations | 1 2 3 4 5 6 7 |  7.0
Fire Magic     | 1 2 3 4 5 6 7 |  7.0
Ice Magic      | 1 2 3 4 5 6 7 |  7.0
Air Magic      | 1 2 3 4 5 6 7 |  7.0
Earth Magic    | 1 2 3 4 5 6 7 |  7.0
Poison Magic   | 1 2 3 4 5 6 7 |  7.0
Polearms       | 5 6 7 8 9 |  9.7
Fighting       | 7 8 9 10 | 10.7
Armour         | 7 8 9 10 | 10.7
Shields        | 7 8 9 10 | 10.7

Action                     |  1- 3 |  4- 6 |  7- 9 | 10-12 | 13-15 || total
---------------------------+-------+-------+-------+-------+-------++-------
  Melee: Trident           |    42 |       |       |       |       ||    42
         Bite              |     6 |     6 |    29 |   129 |    23 ||   193
         Mace              |    38 |    91 |    51 |       |       ||   180
         War axe           |       |       |   195 |   736 |   121 ||  1052
  Evoke: Wand              |       |       |       |     6 |       ||     6
    Use: Scroll            |       |       |     6 |     1 |     3 ||    10
         Potion            |       |       |       |     1 |     6 ||     7
   Stab: Sleeping          |       |       |     1 |    10 |     5 ||    16
         Distracted        |       |       |       |     2 |     3 ||     5
 Armour: Scale mail        |    30 |    30 |    73 |   302 |    50 ||   485
  Dodge: Dodged            |    48 |    56 |   184 |   691 |   115 ||  1094
  Block: Buckler           |    14 |    26 |    99 |   312 |    53 ||   504
